 Dungeon Crawl Stone Soup version 0.18.1-47-g9310371 (webtiles) character file.

14425 spiff the Cleaver (level 11, -1/104 HPs)
             Began as a Deep Dwarf Fighter on June 20, 2016.
             Was a High Priest of Makhleb.
             Splashed by an oklob plant's acid (8 damage)
             ... on level 3 of the Lair of Beasts.
             The game lasted 00:33:54 (10241 turns).

spiff the Cleaver (Deep Dwarf Fighter)             Turns: 10241, Time: 00:33:55

Health: -1/104     AC:  0    Str: 23    XL:     11   Next: 88%
Magic:  9/9        EV: 15    Int:  9    God:    Makhleb [*****.]
Gold:   707        SH:  7    Dex: 12    Spells: 0 memorised, 10 levels left

rFire  . . .     SeeInvis .     a - +1 war axe (chop)
rCold  + . .     Gourm    .     G - +1 ring mail {rC+}
rNeg   . . .     Faith    .     q - +0 buckler
rPois  +         Spirit   .     p - +2 hat
rElec  .         Dismiss  .     D - +0 cloak
rCorr  .         Reflect  +     b - +0 pair of gloves
SustAt .         Harm     .     C - +2 pair of boots
MR     ++...                    A - +3 amulet of reflection
Stlth  +.........               o - ring of poison resistance
                                i - ring of protection from magic

@: corroded, non-regenerating, very resistant to hostile enchantments, very
unstealthy
A: damage resistance, recharge devices, sense surroundings 2, slow regeneration
3
a: Device Recharging, Minor Destruction, Lesser Servant of Makhleb, Major
Destruction, Greater Servant of Makhleb, Renounce Religion


You were on level 3 of the Lair of Beasts.
You worshipped Makhleb.
Makhleb was extremely pleased with you.
You were hungry.

You visited 3 branches of the dungeon, and saw 14 of its levels.
You also visited: Sewer.

You collected 707 gold pieces.

Inventory:

Hand Weapons
 a - a +1 war axe of chopping (weapon)
Armour
 b - a +0 pair of gloves (worn)
 p - a +2 hat (worn)
 q - a +0 buckler (worn)
 C - a +2 pair of boots (worn)
 D - a +0 cloak (worn)
 G - a +1 ring mail of cold resistance (worn)
Jewellery
 i - a ring of protection from magic (left hand)
 o - a ring of poison resistance (right hand)
 r - an uncursed ring of flight
 A - a +3 amulet of reflection (around neck)
Wands
 c - a wand of disintegration (9/24)
 e - a wand of heal wounds (1/9)
 j - a wand of flame (12/48)
 F - a wand of lightning (8/15)
 P - a wand of digging (7/24)
Scrolls
 g - 2 scrolls of fear
 t - a scroll of fog
 v - 6 scrolls of magic mapping
 x - 2 scrolls of teleportation
 E - a scroll of blinking
 M - 6 scrolls of remove curse
 X - 2 scrolls of identify
Potions
 d - 4 potions of might
 k - 9 potions of heal wounds
 l - 4 potions of flight
 m - a potion of haste {unknown}
 B - 3 potions of curing
 I - 3 potions of agility
 K - a potion of berserk rage
 T - 2 potions of lignification
Comestibles
 f - 6 bread rations
 h - 8 chunks of flesh
 n - 14 fruits


   Skills:
 + Level 8.8 Fighting
 - Level 13.3 Axes
 - Level 10.5 Armour
 - Level 8.4 Dodging
 - Level 3.2 Shields


You had 10 spell levels left.
You didn't know any spells.

Dungeon Overview and Level Annotations

Branches:
Dungeon (10/15)            Temple (1/1) D:4            Lair (3/8) D:9
  Swamp: Lair:3-6    Shoals: Lair:3-6     Snake: Lair:3-6    Spider: Lair:3-6
    Orc: D:9-12

Altars:
Ashenzari
Cheibriados
Fedhas
Kikubaaqudgha
Makhleb
Nemelex Xobeh
Okawaru
Pakellas
Qazlal
Ru
Sif Muna
Trog
Vehumet
Xom
Yredelemnul
Zin
The Shining One

Annotations:
Lair:3 exclusion: oklob plant


Innate Abilities, Weirdness & Mutations

You are resistant to damage.
You can recharge devices by infusing magical energy.
You passively map the area around you.
You do not regenerate naturally.


Message History

You hit the plant but do no damage.
The plant is severely damaged.
You hit the oklob plant but do no damage.
The oklob plant is almost destroyed.
You hit the plant but do no damage.
The plant is severely damaged.
You hit the oklob plant but do no damage.
The oklob plant is almost destroyed.
You hit the plant but do no damage.
The plant is severely damaged.
The oklob plant spits acid at you. The splash of acid hits you!
* * * LOW HITPOINT WARNING * * *
The acid corrodes you!
The acid burns!
* * * LOW HITPOINT WARNING * * *
The oklob plant spits acid at you. The splash of acid hits you!
* * * LOW HITPOINT WARNING * * *
The acid burns!
You die...

.#.....P...........##
###..#.#..#...##....#
##..##...#..####...#
##.######'##### ##.##
P#.# ≈ ....≈≈P##÷##
..## ,,.....≈P#...#
..# ≈ ......≈P#.###
.## ≈ ......≈P#.####
..## .......≈P#@...#
...# ....≈≈P.....#
##.# ...###.#...##
#.## , #.##...#
##.### ###.###...###
..##.## #..###.....P#
..#P..# #P.P#......##
.....## #...........#
#.#### ##.#.##.#####


You could see an oklob plant.

Vanquished Creatures
  6 elephants
  2 black mambas
  6 spiny frogs
  A komodo dragon (Lair:3)
  A troll (D:9)
  The ghost of Aquadorian the Cudgeler, an amateur KoFi (D:4)
  A wraith (D:9)
  2 basilisks
  14 yaks
  2 hippogriffs (Lair:1)
  Edmund (D:6)
  A soldier ant (D:8)
  6 water moccasins
  5 porcupines
  Duvessa (D:7)
  3 orc warriors
  An ice beast (D:7)
  A wasp (D:8)
  5 ogres
  2 phantoms
  3 centaurs
  2 crocodiles
  2 big kobolds (Sewer)
  Blork the orc (D:5)
  13 giant frogs
  Dowan (D:7)
  A gnoll sergeant (D:6)
  A water moccasin skeleton (D:7)
  5 scorpions
  5 killer bees (D:9)
  4 crimson imps
  4 hounds
  A quasit (D:7)
  3 orc priests
  A centaur skeleton (D:7)
  A jelly (D:5)
  3 orc wizards
  2 giant frog skeletons
  7 iguanas
  5 worker ants
  A sheep (Lair:3)
  A killer bee zombie (D:6)
  2 hound skeletons
  4 gnolls
  A howler monkey skeleton (D:6)
  18 river rats
  13 adders
  3 oozes
  5 worms
  A dart slug (D:2)
  5 giant geckos
  37 orcs
  2 ball pythons
  5 giant cockroaches
  2 goblins
  5 hobgoblins
  12 jackals
  3 quokkas
  A ball python skeleton (D:5)
  6 bats
  A giant cockroach zombie (D:6)
  2 giant gecko skeletons
  3 giant newts
  2 jackal skeletons
  13 kobolds
  12 rats
  A spectral orc (D:3)
  2 fungi
290 creatures vanquished.

Vanquished Creatures (collateral kills)
  A hydra (Lair:1)
  A spiny frog (Lair:1)
  A giant frog (D:7)
  A river rat (Lair:1)
4 creatures vanquished.

Grand Total: 294 creatures vanquished

Notes
Turn   | Place    | Note
--------------------------------------------------------------
     0 | D:1      | spiff the Deep Dwarf Fighter began the quest for the Orb.
     0 | D:1      | Reached XP level 1. HP: 20/20 MP: 1/1
    53 | D:1      | Reached skill level 3 in Axes
    53 | D:1      | Reached XP level 2. HP: 27/27 MP: 2/2
   436 | D:1      | Reached XP level 3. HP: 26/33 MP: 3/3
   589 | D:2      | Found a blossoming altar of Fedhas.
   595 | D:2      | Reached skill level 4 in Axes
   761 | D:2      | Found a shattered altar of Ashenzari.
   778 | D:2      | Reached XP level 4. HP: 21/40 MP: 4/4
  1140 | D:2      | Reached skill level 5 in Axes
  1209 | D:2      | Found a bloodstained altar of Trog.
  1395 | D:3      | Reached XP level 5. HP: 36/46 MP: 5/5
  1456 | D:3      | Found a glowing drain.
  1460 | Sewer    | Entered a sewer
  1494 | Sewer    | Reached skill level 6 in Axes
  1806 | Sewer    | Reached XP level 6. HP: 25/55 MP: 6/6
  1846 | Sewer    | Reached skill level 7 in Axes
  1891 | D:3      | Found a shimmering altar of Xom.
  2138 | D:3      | Found a basalt altar of Yredelemnul.
  2272 | D:3      | You fall through a shaft for 2 floors!
  2272 | D:5      | Entered Level 5 of the Dungeon
  2372 | D:4      | Noticed Aquadorian's ghost (amateur KoFi)
  2533 | D:5      | Reached skill level 8 in Axes
  2546 | D:5      | Reached XP level 7. HP: 27/61 MP: 7/7
  2592 | D:4      | Found an iron altar of Okawaru.
  2617 | D:4      | Killed Aquadorian's ghost
  2617 | D:4      | Reached skill level 9 in Axes
  2789 | D:4      | Reached XP level 8. HP: 46/73 MP: 8/8
  2953 | D:4      | Reached skill level 5 in Fighting
  3238 | D:4      | Found a staircase to the Ecumenical Temple.
  3243 | Temple   | Entered the Ecumenical Temple
  3254 | Temple   | Became a worshipper of Makhleb the Destroyer
  3517 | D:3      | Found an oddly glowing altar of Pakellas.
  3517 | D:3      | Noticed an ice dragon
  4156 | D:5      | Noticed Blork the orc
  4173 | D:5      | Killed Blork the orc
  4244 | D:5      | Reached * piety under Makhleb
  4645 | D:6      | Noticed Edmund
  4659 | D:6      | Killed Edmund
  5055 | D:6      | Gained mutation: You passively map the area around you. [Deep Dwarf growth]
  5055 | D:6      | Reached XP level 9. HP: 30/88 MP: 9/9
  5470 | D:6      | Found a sparkling altar of Nemelex Xobeh.
  5763 | D:7      | Reached skill level 5 in Armour
  5907 | D:7      | Reached ** piety under Makhleb
  6005 | D:7      | Noticed Dowan
  6013 | D:7      | Noticed Duvessa
  6025 | D:7      | Killed Duvessa
  6025 | D:7      | Killed Dowan
  6827 | D:8      | Found a deep blue altar of Sif Muna.
  6883 | D:9      | Noticed a troll
  6897 | D:9      | Killed a troll
  6959 | D:9      | Reached *** piety under Makhleb
  6959 | D:9      | Reached XP level 10. HP: 43/96 MP: 9/9
  6973 | D:9      | Found a staircase to the Lair.
  7063 | D:9      | Reached skill level 10 in Armour
  7138 | D:9      | Found a stormy altar of Qazlal.
  7582 | D:10     | Entered Level 10 of the Dungeon
  7617 | D:10     | Noticed a hill giant
  7685 | Lair:1   | Entered Level 1 of the Lair of Beasts
  7745 | Lair:1   | Noticed a spiny frog
  7750 | Lair:1   | HP: 3/96 [spiny frog (16)]
  7760 | Lair:1   | Killed a spiny frog
  7760 | Lair:1   | Reached skill level 10 in Axes
  7817 | Lair:1   | Noticed a four-headed hydra
  7818 | Lair:1   | Noticed a black mamba
  7838 | Lair:1   | Killed a five-headed hydra
  7868 | Lair:1   | Killed a black mamba
  7868 | Lair:1   | Reached skill level 11 in Axes
  7898 | Lair:1   | Noticed a spiny frog
  7902 | Lair:1   | Killed a spiny frog
  8191 | Lair:1   | Noticed a spiny frog
  8201 | Lair:1   | Killed a spiny frog
  8201 | Lair:1   | Reached skill level 12 in Axes
  8225 | Lair:1   | Reached **** piety under Makhleb
  8320 | Lair:2   | Noticed an elephant
  8321 | Lair:2   | Noticed an elephant
  8350 | Lair:1   | Killed an elephant
  8370 | Lair:2   | Killed an elephant
  8370 | Lair:2   | Reached XP level 11. HP: 48/103 MP: 9/9
  8419 | Lair:2   | Reached skill level 13 in Axes
  8488 | Lair:2   | Reached skill level 1 in Dodging
  8629 | Lair:2   | Reached skill level 5 in Dodging
  9591 | Lair:3   | Reached ***** piety under Makhleb
 10072 | Lair:3   | Noticed an oklob plant
 10241 | Lair:3   | Splashed by an oklob plant's acid

Skill      XL: |  1  2  3  4  5  6  7  8  9 10 11 |
---------------+----------------------------------+-----
Axes           | 3 4 5 6 8 9 12 13 | 13.3
Fighting       | 4 8 |  8.8
Armour         | 9 10 | 10.5
Dodging        | 8 |  8.4
Shields        | |  3.2

Action                   |  1- 3 |  4- 6 |  7- 9 | 10-12 || total
-------------------------+-------+-------+-------+-------++-------
Melee: War axe           |    89 |   179 |   491 |   483 ||  1242
Invok: Lesser Servant of |       |       |       |     1 ||     1
 Abil: Device Recharging |       |       |     1 |     1 ||     2
Evoke: Wand              |       |     1 |    26 |     7 ||    34
  Use: Scroll            |       |     6 |    14 |     3 ||    23
       Potion            |       |     1 |       |       ||     1
 Stab: Confused          |       |       |     4 |       ||     4
       Paralysed         |       |       |     3 |       ||     3
  Eat: Chunk             |       |     6 |    15 |     9 ||    30
       Beef jerky        |       |       |       |     1 ||     1
Armor: Scale mail        |    48 |    80 |    54 |       ||   182
       Ring mail         |       |       |   118 |   160 ||   278
Dodge: Dodged            |    25 |    41 |   124 |   133 ||   323
Block: Shield            |    54 |    79 |   305 |   225 ||   663
       Reflection        |       |       |     1 |     1 ||     2
       Buckler           |       |       |       |    17 ||    17
